 Dungeon Crawl Stone Soup version 0.27-a0-808-g60bc5d92e6 (webtiles) character file.

Game seed: 6617696810982783740

57 spiderkeys the Chopper (level 3, -12/49 HPs)
             Began as a Minotaur Berserker on Mar 29, 2021.
             Was a Believer of Trog.
             Mangled by a wyvern (13 damage)
             ... on level 3 of the Dungeon.
             The game lasted 00:01:18 (1717 turns).

spiderkeys the Chopper (Minotaur Berserker)         Turns: 1717, Time: 00:01:19

Health: -12/49     AC:  5    Str: 22    XL:     3   Next: 73%
Magic:  2/2        EV: 11    Int:  4    God:    Trog [**....]
Gold:   98         SH:  0    Dex:  9    Spells: 2/2 levels left

rFire    . . .     SeeInvis .   a - +0 hand axe
rCold    . . .     Faith    .   (no shield)
rNeg     . . .     Spirit   .   i - +0 ring mail
rPois    .         Reflect  .   (helmet restricted)
rElec    .         Harm     .   (no cloak)
rCorr    .         Rampage  .   (no gloves)
Will     .....                  (no boots)
Stlth    ..........             (no amulet)
HPRegen  0.16/turn              (no ring)
MPRegen  0.08/turn              (no ring)

@: berserking, very quick
A: horns 2, retaliatory headbutt
a: Renounce Religion, Berserk, Trog's Hand


You were on level 3 of the Dungeon.
You worshipped Trog.
Trog was pleased with you.
You visited 1 branch of the dungeon, and saw 3 of its levels.

You collected 98 gold pieces.

Inventory:

Hand Weapons
 a - a +0 hand axe (weapon)
Armour
 i - a +0 ring mail (worn)
Scrolls
 d - a scroll of magic mapping {unknown}
 e - 3 scrolls of teleportation {unknown}
 g - a scroll of amnesia {unknown}
 h - a scroll of immolation {unknown}
Potions
 b - a potion of curing {unknown}
 c - 2 potions of mutation {unknown}
 f - 3 potions of attraction {unknown}


   Skills:
 + Level 4.1 Fighting
 * Level 4.6 Axes
 + Level 3.0 Armour
 + Level 2.7 Dodging


You had 2 spell levels left.
You didn't know any spells.
Your spell library was empty.

Dungeon Overview and Level Annotations

Branches:
Dungeon (3/15)

Altars:


Innate Abilities, Weirdness & Mutations

You have a pair of horns on your head.
You reflexively headbutt those who attack you in melee.


Message History

You slash the endoplasm!
You kill the endoplasm!
Trog accepts your kill.
No target in view!
No target in view!
Found 28 stones.
Found a helmet.
You see here 28 stones.
A kobold comes into view. It is wielding a +0 dagger.
The kobold shouts!
Found a scroll labelled VUCRASIBROE.
Found a stone staircase leading up.
A kobold is nearby!
A kobold is nearby!
A wyvern comes into view.
The kobold throws a stone.
The stone closely misses you.
The wyvern hisses angrily.
An adder comes into view.
The adder hisses angrily.
You hit the kobold.
You kill the kobold!
Trog accepts your kill. The wyvern bites you!
Found 15 arrows.
Things that are here:
a +0 dagger; 4 stones You hit the wyvern.
The wyvern is moderately wounded.
The wyvern barely misses you. You furiously retaliate!
You headbutt the wyvern, but do no damage.
The wyvern bites you.
You hit the wyvern.
The wyvern is moderately wounded.
The wyvern bites you!
* * * LOW HITPOINT WARNING * * *
You are too injured to fight recklessly!
A red film seems to cover your vision as you go berserk!
You feel yourself moving faster!
You feel mighty! The wyvern bites you!
* * * LOW HITPOINT WARNING * * *
The wyvern bites you!
You die...

#.# #.# .. ..# #.# #.#
## #.### #.# #.# #.#
#. #...##.# #.# #.# #.
#......###.## #.###.
#.<.........#####.....
#.?.8..###......(.....
#....⌠.###.#########..
#...8@.....# ###
#..Sl.###### # #.#.###
# .(... ## # #.. . #..
# .. # ... # #


You could see a wyvern and an adder.

Vanquished Creatures
  2 dart slugs (D:1)
  3 orcs (D:3)
  2 endoplasms
  2 giant cockroaches (D:1)
  2 goblins
  4 hobgoblins
  7 jackals
  9 kobolds
  2 quokkas
  A ball python (D:2)
  4 bats
  3 frilled lizards
  7 rats
48 creatures vanquished.

Notes
Turn   | Place    | Note
-------+----------+-------------------------------------------
     0 | D:1      | spiderkeys the Minotaur Berserker began the quest for the
                  | Orb.
     0 | D:1      | Reached XP level 1. HP: 19/19 MP: 0/0
   160 | D:1      | Reached XP level 2. HP: 27/27 MP: 1/1
  1005 | D:2      | Reached XP level 3. HP: 33/33 MP: 2/2
  1005 | D:2      | Reached ** piety under Trog
  1711 | D:3      | Noticed a wyvern
  1717 | D:3      | HP: 1/49 [wyvern (13)]
  1717 | D:3      | Mangled by a wyvern

Illustrated notes

Levels and vault maps discovered:
D:1:      onia_arrival_pyramid, layout_basic
D:2:      layout_basic
D:3:      layout_loops_ring, chequers_mini_garden, hangedman_feature_mirror

Skill      XL: |  1  2  3 |
---------------+----------+-----
Axes           | 4 |  4.6
Fighting       | 4 |  4.1
Armour         | 3 |  3.0
Dodging        | |  2.7

Action                   || total
-------------------------++-------
Melee: Hand axe          ||    91
       Headbutt          ||    14
Invok: Berserk           ||     2
Armor: Animal skin       ||    14
       Ring mail         ||     1
Dodge: Dodged            ||    58

Table legend: (Time is in decaauts)
 A = Elapsed time spent in this place.
 B = Non-inter-level travel time spent in this place.
 C = Inter-level travel time spent in this place.
 D = Time resting spent in this place.
 E = Time spent auto-exploring this place.
 F = Levels seen in this place.
 G = Mean time per level.
                   A        B        C        D        E       F      G
               +--------+--------+--------+--------+--------+-----+--------+
         Total |   1733 |   1705 |     28 |     44 |   1431 |   3 |  577.7 |
       Dungeon |   1733 |   1705 |     28 |     44 |   1431 |   3 |  577.7 |
               +--------+--------+--------+--------+--------+-----+--------+

Top non-repeatable levels by time:
     D:1: 1014 daAuts
     D:2: 553 daAuts
     D:3: 164 daAuts
